 Dungeon Crawl Stone Soup version 0.31.0 (webtiles) character file.

Game seed: 2475457419590457130

3835 shadowrider38 the Basher (level 9, -13/79 HPs)
             Began as an Armataur Hexslinger on Jan 20, 2024.
             Was a Priest of Okawaru.
             Killed from afar by a steam dragon (17 damage)
             ... with a ball of steam
             ... on level 8 of the Dungeon.
             The game lasted 00:14:10 (10265 turns).

shadowrider38 the Basher (Armataur Hexslinger)     Turns: 10265, Time: 00:14:11

Health: -13/79     AC: 18    Str: 24    XL:     9   Next: 98%
Magic:  10/10      EV:  7    Int: 13    God:    Okawaru [***...]
Gold:   1293       SH:  0    Dex: 13    Spells: 8/10 levels left

rFire   . . .        a - +2 flail (protect)
rCold   . . .        (no shield)
rNeg    . . .        B - +0 chain mail
rPois   +            h - +0 helmet
rElec   .            n - +0 cloak
rCorr   .            (no gloves)
SInv    .            (no barding)
Will    .....        (no amulet) Stlth
                     o - ring of poison resistance
HPRegen 0.33/turn    l - +6 ring of strength
MPRegen 0.12/turn

%: roll
@: under a protective aura
A: large, deformed body, tough skin 3, armoured tail, roll 2
a: Renounce Religion, Heroism


You were on level 8 of the Dungeon.
You worshipped Okawaru.
Okawaru was most pleased with you.
You visited 1 branch of the dungeon, and saw 8 of its levels.
You also visited: Sewer.

You collected 1293 gold pieces.

Inventory:

Hand Weapons
 a - a +2 flail of protection (weapon)
 b - a +0 whip of draining
 c - a +1 sling of freezing
 w - a +2 quarterstaff of speed
Missiles
 v - 4 javelins
 F - 3 curare-tipped darts
 Z - a throwing net
Armour
 h - a +0 helmet (worn)
 n - a +0 cloak (worn)
 A - a +0 tower shield
 B - a +0 chain mail (worn)
 C - a +0 kite shield
Magical Staves
 e - a staff of alchemy
Jewellery
 l - a +6 ring of strength (right hand)
 o - a ring of poison resistance (left hand)
 D - a ring of ice
Wands
 x - a wand of polymorph (16)
Scrolls
 f - a scroll of immolation
 g - 4 scrolls of fog
 j - 3 scrolls of noise
 k - a scroll of vulnerability {unknown}
 m - 2 scrolls of fear
 p - 2 scrolls of poison
 r - 2 scrolls of revelation
 y - a scroll of enchant weapon {unknown}
 R - a scroll of identify
 T - 3 scrolls of teleportation
Potions
 d - a potion of might
 i - a potion of experience {unknown}
 q - a potion of berserk rage {unknown}
 s - a potion of invisibility {unknown}
 t - a potion of mutation
 u - a potion of magic
 z - a potion of ambrosia {unknown}
 H - 4 potions of haste


   Skills:
 + Level 7.2 Fighting
 * Level 10.2 Maces & Flails
 - Level 1.3 Ranged Weapons
 + Level 4.5 Armour
 + Level 1.9 Dodging
 - Level 1.0 Spellcasting
 - Level 2.6 Hexes
 - Level 0.8 Fire Magic


You had 8 spell levels left.
You knew the following spells:

 Your Spells              Type           Power      Damage    Failure   Level
a - Jinxbite              Hex            14%        N/A       58%         2

Your spell library contained the following spells:

 Spells                   Type           Power      Damage    Failure   Level
 Magic Dart               Conj           0%         1d3       83%         1
 Sigil of Binding         Hex            7%         N/A       83%         3
 Inner Flame              Hex/Fire       5%         N/A       91%         3
 Blink                    Tloc           0%         N/A       92%         2
 Cause Fear               Hex            3%         N/A       99%         4
 Dimensional Bullseye     Hex/Tloc       2%         N/A       100%        4
 Call Imp                 Summ           Unusable   N/A       N/A         2
 Malign Gateway           Summ/Tloc      Unusable   N/A       N/A         7
 Summon Horrible Things   Summ           Unusable   N/A       N/A         8

Dungeon Overview and Level Annotations

Branches:
Dungeon (8/15) Zot: 25932   Sewer (visited)
 Temple: D:4-7         Lair: D:8-11

Altars:
Cheibriados
Dithmenos
Gozag
Okawaru
Qazlal
Uskayaw

Shops:
D:6 (

Annotations:
D:3 1 runed translucent door, exclusion: 2 downstairs, Crazy Yiuf
D:5 3 runed translucent doors, Esekla's ghost, weakling OpDe


Innate Abilities, Weirdness & Mutations

Armour fits poorly on your strangely shaped body.
You have extremely tough skin. (AC +3)
You have a long armoured tail.
You regenerate magic and health when rolling toward enemies. (Rampage Regen)


Message History

The steam dragon is moderately wounded.
The steam dragon bites you but does no damage.
The steam dragon claws you.
* * * LOW HITPOINT WARNING * * *
You barely miss the steam dragon.
Your tail-slap misses the steam dragon.
The steam dragon is moderately wounded.
The steam dragon bites you but does no damage.
The steam dragon claws you but does no damage.
You closely miss the steam dragon.
You tail-slap the steam dragon, but do no damage.
The steam dragon is moderately wounded.
The steam dragon barely misses you. The steam dragon claws you.
* * * LOW HITPOINT WARNING * * *
You feel better. The steam dragon closely misses you.
The steam dragon claws you.
* * * LOW HITPOINT WARNING * * *
You closely miss the steam dragon.
The steam dragon is moderately wounded.
The steam dragon breathes steam at you. The ball of steam hits you!
* * * LOW HITPOINT WARNING * * *
Aiming: Polymorph
Press: ? - help, Shift-Dir - straight line, f - steam dragon
Aim: a steam dragon (steam, moderately wounded, catching its breath, will become a golden eye, a killer bee, or a swamp drake, chance to affect: 49%)
Okay, then.
Unknown command.
Unknown command.
You hit the steam dragon.
Your weapon exudes an aura of protection.
The steam dragon is heavily wounded.
The steam dragon bites you but does no damage.
The steam dragon closely misses you.
Throw: 3 throwing nets
Press: ? - help, Shift-Dir - straight line, f - steam dragon
Aim: a steam dragon (steam, heavily wounded, catching its breath, 57% to hit)
You throw a throwing net.
The throwing net closely misses the steam dragon.
You are engulfed in a cloud of scalding steam.
The steam dragon bites you but does no damage.
The steam dragon claws you.
* * * LOW HITPOINT WARNING * * *
Throw: 2 throwing nets
Press: ? - help, Shift-Dir - straight line, f/p - steam dragon
Aim: a steam dragon (steam, heavily wounded, 57% to hit)
You throw a throwing net.
The throwing net barely misses the steam dragon.
You are engulfed in a cloud of scalding steam.
The steam dragon breathes steam at you. The ball of steam hits you!
You die...

#.. ..# #.# #.#
#.# ##. #.# #.#
#.# #.# #.# ##.
#.# #.# #.# #.#
#.# ##. #.# #.#
#.#
##D#######.#####
##.
#ยงยง@...........#
#.#
##########...#.#
##. ###.#.# #.#
#.#.# ##. #.#.#
#.# #.#.# ##.
#.#.# ## #.#.#
#.#.#


You could see a steam dragon (catching breath).

Vanquished Creatures
  2 wyverns
  4 yaks (D:8)
  Eustachio (D:4)
  Menkaure (D:6)
  3 water moccasins
  An ice beast (D:5)
  An orc warrior (D:8)
  A black bear (D:7)
  A sky beast (D:8)
  An ogre (D:5)
  A centaur (D:6)
  6 kobold brigands
  A gnoll sergeant (D:7)
  A bullfrog (D:8)
  A scorpion (D:6)
  8 wights
  4 hounds
  3 orc priests
  A gnoll bouda (D:5)
  A jelly (D:7)
  3 iguanas
  2 sleepcaps (D:5)
  4 orc wizards
  14 gnolls
  6 adders
  A river rat (D:6)
  A shadow imp (D:4)
  A white imp (D:7)
  2 dart slugs
  5 ribbon worms
  14 orcs
  4 bats
  9 endoplasms
  6 giant cockroaches
  7 goblins
  7 hobgoblins
  3 jackals (D:2)
  5 quokkas
  14 ball pythons
  7 frilled lizards
  24 kobolds
  17 rats
199 creatures vanquished.

Notes
Turn   | Place    | Note
-------+----------+-------------------------------------------
     0 | D:1      | shadowrider38 the Armataur Hexslinger began the quest for
                  | the Orb.
     0 | D:1      | Reached XP level 1. HP: 15/15 MP: 2/2
   152 | D:1      | Found a faded altar of an unknown god.
   305 | D:1      | Reached XP level 2. HP: 19/24 MP: 3/3
   352 | D:1      | Learned a level 2 spell: Jinxbite
  1084 | D:2      | Reached XP level 3. HP: 30/30 MP: 1/4
  1132 | D:2      | Reached skill level 3 in Fighting
  1538 | D:2      | Reached XP level 4. HP: 5/38 MP: 2/5
  2487 | D:3      | Identified a scroll of acquirement
  2487 | D:3      | Acquired 877 gold pieces
  2487 | D:3      | HP: 1/40 [orc/+0 mace (4)]
  2847 | D:3      | Reached XP level 5. HP: 17/47 MP: 2/6
  2974 | D:3      | Found an iron altar of Okawaru.
  2989 | D:3      | Became a worshipper of Warmaster Okawaru
  3382 | D:3      | Found a runed translucent door.
  3383 | D:3      | Noticed Crazy Yiuf
  3426 | D:4      | Noticed a steam dragon
  3728 | D:5      | Entered Level 5 of the Dungeon
  3728 | D:5      | Noticed Eustachio
  3738 | D:4      | Reached skill level 1 in Maces & Flails
  4281 | D:4      | Killed Eustachio
  4282 | D:4      | Reached skill level 3 in Maces & Flails
  4282 | D:4      | Reached XP level 6. HP: 52/53 MP: 5/7
  4530 | D:4      | Reached skill level 4 in Maces & Flails
  4801 | D:5      | Gained mutation: You regenerate magic and health when
                  | rolling toward enemies. (Rampage Regen) [Armataur growth]
  4801 | D:5      | Reached XP level 7. HP: 17/60 MP: 3/8
  5298 | D:5      | Reached skill level 5 in Maces & Flails
  5711 | D:5      | Reached * piety under Okawaru
  5927 | D:5      | Reached skill level 6 in Maces & Flails
  5934 | D:5      | Found a runed translucent gate.
  5934 | D:5      | Found a runed translucent gate.
  5934 | D:5      | Found a runed translucent gate.
  5935 | D:5      | Found an opulent altar of Gozag.
  5936 | D:5      | Noticed Esekla's ghost (weakling OpDe)
  5936 | D:5      | Noticed a wraith
  6104 | D:6      | Found Gehoclap's Antique Weapon Emporium.
  6171 | D:6      | Found a glowing drain.
  6185 | Sewer    | Entered a sewer
  6215 | Sewer    | Reached XP level 8. HP: 64/67 MP: 5/9
  6378 | Sewer    | Reached skill level 7 in Maces & Flails
  6622 | D:6      | Reached ** piety under Okawaru
  6699 | D:6      | Found a shadowy altar of Dithmenos.
  6715 | D:6      | Reached skill level 8 in Maces & Flails
  6764 | D:6      | Noticed Menkaure
  6773 | D:6      | Killed Menkaure
  6963 | D:6      | Reached skill level 3 in Armour
  6969 | D:6      | HP: 5/103 [poisoned by a water moccasin]
  7284 | D:7      | Reached XP level 9. HP: 75/75 MP: 10/10
  8034 | D:7      | Found a hide-covered altar of Uskayaw.
  8041 | D:7      | Noticed a +0 dagger
  8042 | D:7      | Noticed a +0 dagger
  8831 | D:7      | Found a snail-covered altar of Cheibriados.
  9296 | D:8      | Reached skill level 9 in Maces & Flails
  9377 | D:8      | Found a stormy altar of Qazlal.
  9529 | D:8      | Reached *** piety under Okawaru
  9611 | D:8      | Reached skill level 10 in Maces & Flails
 10265 | D:8      | Killed from afar by a steam dragon

Illustrated notes

Levels and vault maps discovered:
D:1:      ldierk_walled_garden_2, layout_basic, dreamdust_ecumenical_altar_grove
D:2:      layout_loops_cross, grunt_ministairs_4, serial_park_tiny_1
D:3:      layout_rooms, okawaru_gym_becter, corexii_leaking_fountain,
          nicolae_concentric_dashed_squares_wild, uniq_crazy_yiuf_cottage
D:4:      layout_rooms, minmay_temple_entry_gardened_gates, minmay_manual_mail
D:5:      layout_rooms, ebering_ghost_gozag, uniq_eustachio
D:6:      layout_gridville, old_standard_altar, gup_sewer_entry_bubbles,
          serial_shops, nicolae_shop_statue_plus, uniq_menkaure
D:7:      layout_cave_pods, kennysheep_mini_moat, dancing_weapons_uskayaw,
          serial_park, serial_park_avenue1, serial_park_tiny_2,
          roderic_serpentine_path
D:8:      layout_basic, grunt_qazlal_sundering

Skill      XL: |  1  2  3  4  5  6  7  8  9 |
---------------+----------------------------+-----
Fighting       | 2 3 4 5 7 |  7.2
Maces & Flails | 3 4 6 8 10 | 10.2
Armour         | 3 4 |  4.5
Ranged Weapons | |  1.3
Dodging        | |  1.9
Spellcasting   | |  1.0
Hexes          | |  2.6
Fire Magic     | |  0.8

Action                     |  1- 3 |  4- 6 |  7- 9 || total
---------------------------+-------+-------+-------++-------
  Melee: Whip              |       |     8 |   285 ||   293
         Tailslap          |       |     1 |    75 ||    76
         Sling             |       |       |     3 ||     3
         Punch             |       |       |     6 ||     6
         Flail             |       |       |   122 ||   122
   Fire: Sling             |   127 |   302 |    38 ||   467
  Throw: Javelin           |       |       |     3 ||     3
         Throwing net      |       |       |     2 ||     2
   Cast: Jinxbite          |    18 |    34 |    10 ||    62
 Invoke: Heroism           |       |       |     2 ||     2
    Use: Scroll            |       |     8 |     5 ||    13
         Potion            |       |     4 |     4 ||     8
 Armour: Robe              |    83 |   171 |   230 ||   484
         Chain mail        |       |       |   132 ||   132
  Dodge: Dodged            |    39 |    99 |   172 ||   310
